 Dungeon Crawl Stone Soup version 0.31-a0-960-g0fca184906 (webtiles) character file.

Game seed: 12606606560829401013

59 Ekaitz the Digger (level 3, -3/19 HPs)
             Began as a Deep Elf Earth Elementalist on Oct 23, 2023.
             Slain by an orc priest
             ... wielding a +0 hand axe
              (6 damage)
             ... on level 3 of the Dungeon.
             The game lasted 00:04:34 (1360 turns).

Ekaitz the Digger (Deep Elf Earth Elementalist)     Turns: 1360, Time: 00:04:35

Health: -3/19      AC:  4    Str:  7    XL:     3   Next: 78%
Magic:  6/10       EV: 13    Int: 19    God:
Gold:   58         SH:  0    Dex: 15    Spells: 4/9 levels left

rFire   . . .        e - +0 dagger (venom)
rCold   . . .        (no shield)
rNeg    . . .        a - +0 robe
rPois   .            (no helmet)
rElec   .            i - scarf {shadows}
rCorr   .            f - +0 pair of gloves
SInv    .            h - +0 pair of boots
Will    .....        l - amulet of regeneration
Stlth   ++           (no ring)
HPRegen 1.03/turn    (no ring)
MPRegen 0.12/turn

%: no passive effects
@: no status effects
A: no striking features
a: no special abilities


You were on level 3 of the Dungeon.
You visited 1 branch of the dungeon, and saw 4 of its levels.

You collected 58 gold pieces.

Inventory:

Hand Weapons
 e - a +0 dagger of venom (weapon)
Missiles
 d - 10 poisoned darts
Armour
 a - a +0 robe (worn)
 f - a +0 pair of gloves (worn)
 h - a +0 pair of boots (worn)
 i - a scarf of shadows (worn)
 m - a +2 scale mail of willpower
Jewellery
 l - an amulet of regeneration (around neck)
Scrolls
 g - 2 scrolls of identify {unknown}
 j - a scroll of amnesia {unknown}
 k - 2 scrolls of enchant weapon {unknown}
 n - a scroll of blinking {unknown}
 o - a scroll of immolation {unknown}
Potions
 b - a potion of magic
 c - 3 potions of brilliance {unknown}


   Skills:
 * Level 3.0 Dodging
 + Level 2.6 Stealth
 + Level 3.7 Spellcasting
 * Level 0.9 Conjurations
 * Level 0.6 Necromancy
 + Level 1.1 Transmutations
 * Level 4.2 Earth Magic


You had 4 spell levels left.
You knew the following spells:

 Your Spells              Type           Power      Damage    Failure   Level
a - Sandblast             Erth           38%        2d10      2%          1
b - Passwall              Tmut/Erth      10%        N/A       7%          2
n - Necrotise             Necr           20%        1d5       11%         1
p - Apportation           Tloc           6%         N/A       14%         1

Your spell library contained the following spells:

 Spells                   Type           Power      Damage    Failure   Level
 Summon Small Mammal      Summ           12%        N/A       14%         1
 Stone Arrow              Conj/Erth      26%        3d8       14%         3
 Brom's Barrelling Bould  Conj/Erth      13%        2d4       43%         4
 Petrify                  Tmut/Erth      13%        N/A       43%         4


Dungeon Overview and Level Annotations

Branches:
Dungeon (4/15)
 Temple: D:4-7

Altars:

Shops:
D:1 *


Message History

Casting: Passwall (safe; 8% risk of failure)
Confirm with . or Enter, or press ? or * to list all spells.
Aiming: Necrotise (safe; 12% risk of failure)
Press: ? - help, Shift-Dir - straight line, f - orc
Aim: an orc, wielding a +0 club (severely wounded, chance to affect: 65%)
The orc writhes in agony.
You kill the orc!
The dead are walking!
The orc priest closely misses you.
The orc priest hits your orc skeleton with a +0 hand axe.
The orc closely misses you.
The orc hits your orc skeleton with a +0 hand axe.
You barely miss the orc priest. The orc barely misses you.
The orc hits your orc skeleton with a +0 hand axe.
Your orc skeleton is destroyed!
The orc priest hits you with a +0 hand axe.
Unknown command.
You barely miss the orc.
The orc priest hits you with a +0 hand axe.
The orc hits you with a +0 hand axe.
Casting: Necrotise (safe; 11% risk of failure)
Confirm with . or Enter, or press ? or * to list all spells.
Aiming: Sandblast (safe; 2% risk of failure)
Press: ? - help, Shift-Dir - straight line, f - orc
Aim: an orc, wielding a +0 hand axe (82% to hit)
The blast of sand hits the orc!
You kill the orc!
The orc priest looks encouraged for a moment.
Unknown command.
Casting: Sandblast (safe; 2% risk of failure)
Confirm with . or Enter, or press ? or * to list all spells.
Aiming: Sandblast (safe; 2% risk of failure)
Press: ? - help, Shift-Dir - straight line, f - orc priest
Aim: an orc priest, wielding a +0 hand axe and wearing a +0 leather armour (82% to hit)
The blast of sand hits the orc priest.
The orc priest is lightly wounded.
The orc priest mumbles some strange prayers to Beogh against you.
Beogh smites you!
* * * LOW HITPOINT WARNING * * *
The orc priest hits you with a +0 hand axe.
You die...

#.# #(# #.# # #
#.#####.# #.#.#.#
#.##....#####)#.#.##
#....#......#.#.....
#.##..............##
#.###.#####.........
#.....#######.#..###
#....>...####.#..#
####..........#)@#
##.##.######)o).....
#.##.# ##.######
#.##.# #.# #.##.#
#.. ..##.# ###
####.# #.## #..#


You could see an orc priest.

Vanquished Creatures
  An adder (D:2)
  2 worms
  A dart slug (D:1)
  4 orcs
  3 bats (D:1)
  3 endoplasms
  A giant cockroach (D:1)
  4 goblins
  6 hobgoblins
  3 jackals (D:1)
  A quokka (D:1)
  A ball python (D:1)
  A frilled lizard (D:1)
  2 kobolds (D:1)
33 creatures vanquished.

Notes
Turn   | Place    | Note
-------+----------+-------------------------------------------
     0 | D:1      | Ekaitz the Deep Elf Earth Elementalist began the quest for
                  | the Orb.
     0 | D:1      | Reached XP level 1. HP: 10/10 MP: 6/6
   114 | D:1      | Found Bitais's Assorted Antiques.
   176 | D:1      | Reached XP level 2. HP: 15/15 MP: 6/8
   184 | D:1      | Learned a level 2 spell: Passwall
   469 | D:1      | Learned a level 1 spell: Necrotise
   785 | D:1      | Reached skill level 4 in Earth Magic
  1044 | D:2      | Learned a level 1 spell: Apportation
  1108 | D:2      | Reached XP level 3. HP: 19/19 MP: 5/9
  1187 | D:2      | You fall into a shaft and drop 2 floors!
  1360 | D:3      | Slain by an orc priest

Illustrated notes

Levels and vault maps discovered:
D:1:      tarquinn_simple_flora_water_b, layout_loops_ring, serial_shops, shop,
          corexii_item_surrounded_by_moat, bh_walls_and_bars
D:2:      layout_loops_cross, serial_shops, nicolae_shop_overgrown_old_shop,
          hellmonk_ecumenical_altar_crossroads, minmay_unequal
D:3:      layout_loops_ring, elyvilon_altar_1, uniq_ijyb,
          uniq_crazy_yiuf_cottage
D:4:      layout_loops_corners, chequers_arboretum, dk_noncrumbling_3,
          hangedman_decor_lopped, uniq_blork_the_orc

Skill      XL: |  1  2 |
---------------+-------+-----
Earth Magic    | 4 |  4.2
Dodging        | 3 |  3.0
Stealth        | |  2.6
Spellcasting   | |  3.7
Conjurations   | |  0.9
Necromancy     | |  0.6
Transmutations | |  1.1

Action                     || total
---------------------------++-------
  Melee: Dagger            ||    23
   Cast: Sandblast         ||    25
         Necrotise         ||    11
         Passwall          ||     4
         Apportation       ||     1
   Stab: Sleeping          ||     6
 Armour: Robe              ||    16
  Dodge: Dodged            ||    14

Table legend: (Time is in decaauts)
 A = Elapsed time spent in this place.
 B = Non-inter-level travel time spent in this place.
 C = Inter-level travel time spent in this place.
 D = Time resting spent in this place.
 E = Time spent auto-exploring this place.
 F = Levels seen in this place.
 G = Mean time per level.
                   A        B        C        D        E       F      G
               +--------+--------+--------+--------+--------+-----+--------+
         Total |   1371 |   1301 |     70 |      0 |   1018 |   4 |  342.8 |
       Dungeon |   1371 |   1301 |     70 |      0 |   1018 |   4 |  342.8 |
               +--------+--------+--------+--------+--------+-----+--------+

Top non-repeatable levels by time:
     D:1: 1072 daAuts
     D:2: 125 daAuts
     D:3: 118 daAuts
     D:4: 55 daAuts
